 Dungeon Crawl Stone Soup version 0.30-a0-755-g0b50240ab4 (webtiles) character file.

Game seed: 13016153007103481184

6255 Drevant2 the Spear-Bearer (level 10, -10/114 HPs)
             Began as a Merfolk Gladiator on Feb 9, 2023.
             Was a Priest of Okawaru.
             Mangled by a komodo dragon (21 damage)
             ... on level 1 of the Lair of Beasts.
             The game lasted 00:20:20 (11215 turns).

Drevant2 the Spear-Bearer (Merfolk Gladiator)      Turns: 11215, Time: 00:20:21

Health: -10/114    AC: 25    Str: 14    XL:     10   Next: 93%
Magic:  16/16      EV:  2    Int:  7    God:    Okawaru [***...]
Gold:   493        SH:  0    Dex: 21    Spells: 9/9 levels left

rFire   . . .      SeeInvis .    M - +5 spear (freeze)
rCold   . . .      Faith    .    (no shield)
rNeg    . . .      Spirit   .    (body armour currently unavailable)
rPois   +          Reflect  .    (helmet currently unavailable)
rElec   +          Harm     .    (cloak currently unavailable)
rCorr   +          Rampage  .    (gloves currently unavailable)
Will    .....      NoTele   +    (boots currently unavailable)
Stlth   ++                       (no amulet)
HPRegen 0.39/turn                l - ring of resist corrosion
MPRegen 0.15/turn                J - ring of the Gloaming {rElec Will+ EV+5}

@: tree-form, weak-willed, attractive
A: stationary, stasis, torment immunity, boosted hp, (nimble swimmer 2),
(mertail)
a: Renounce Religion, Heroism


You were on level 1 of the Lair of Beasts.
You worshipped Okawaru.
Okawaru was most pleased with you.
You were a tree.
You visited 3 branches of the dungeon, and saw 11 of its levels.

You collected 493 gold pieces.

Inventory:

Hand Weapons
 a - a +0 trident
 M - a +5 spear of freezing (weapon)
Missiles
 d - 2 throwing nets (quivered)
 e - a javelin
 A - 5 silver javelins
 K - 6 curare-tipped darts
Armour
 b - a +0 leather armour
 c - a +0 helmet (melded)
 f - +0 acid dragon scales (melded)
 p - a +3 scale mail
 t - a +2 pair of boots (melded)
 w - a +0 cloak (melded)
Jewellery
 h - a ring of wizardry
 l - a ring of resist corrosion (left branch)
 B - a +4 ring of protection
 J - the ring of the Gloaming (right branch) {rElec Will+ EV+5}
   (You found it on level 7 of the Dungeon)

   [ring of evasion]

   EV:        It affects your evasion (+5).
   rElec:     It insulates you from electricity.
   Will:      It increases your willpower.
Wands
 E - a wand of charming (5)
 I - a wand of acid (9)
 L - a wand of mindburst (9)
Scrolls
 m - a scroll of fog
 q - a scroll of immolation
 s - a scroll of vulnerability
 u - 3 scrolls of amnesia
 y - a scroll of blinking
 z - 2 scrolls of enchant weapon
 D - a scroll of magic mapping
Potions
 g - a potion of invisibility {unknown}
 k - 5 potions of mutation
 o - 3 potions of curing
 v - a potion of degeneration {unknown}
 C - a potion of lignification
 G - 2 potions of cancellation
 H - a potion of resistance {unknown}


   Skills:
 - Level 6.2 Fighting
 - Level 14.6 Polearms
 - Level 6.5 Throwing
 - Level 5.0 Dodging
 * Level 9.0 Invocations


You had 9 spell levels left.
You didn't know any spells.
Your spell library contained the following spells:

 Spells                   Type           Power      Damage    Failure   Level
 Blink                    Tloc           0%         N/A       56%         2
 Lesser Beckoning         Tloc           0%         N/A       56%         2
 Momentum Strike          Conj/Tloc      0%         3d8       56%         2


Dungeon Overview and Level Annotations

Branches:
Dungeon (9/15)             Temple (1/1) D:6            Lair (1/5) D:9
    Orc: D:9-12

Altars:
Ashenzari
Dithmenos
Elyvilon
Fedhas
Gozag
Hepliaklqana
Kikubaaqudgha
Makhleb
Nemelex Xobeh
Okawaru
Qazlal
Ru
Sif Muna
Trog
Uskayaw
Vehumet
Wu Jian
Xom
Yredelemnul
Zin
The Shining One

Shops:
D:5 (

Annotations:
D:6 2 transporters, bezhaha's ghost, novice OgWr
D:8 2 transporters, Ijustatesigmund's ghost, novice DEEE
D:9 Psyche


Innate Abilities, Weirdness & Mutations

You are a tree.
Your roots penetrate the ground, keeping you stationary.
You cannot be teleported.
You are immune to unholy pain and torment.
Your maximum health is greatly increased.
Your equipment is partially melded.
((You are very nimble when in or above water. (Stealth+, EV+, Speed+++)))
((Your lower body shifts to a powerful aquatic tail in water.))


Message History

Flame seeps out of the yak.
The yak is lightly wounded.
The bullfrog hits you.
* * * LOW HITPOINT WARNING * * *
The yak is engulfed in blazing flames.
Flame seeps out of the yak.
The yak gores you but does no damage.
You barely miss the yak.
The yak is heavily wounded.
You hit the yak.
Flame seeps out of the yak.
You freeze the yak.
Flame seeps out of the yak.
The yak is severely wounded.
The bullfrog hits you but does no damage.
The komodo dragon bites you.
* * * LOW HITPOINT WARNING * * *
The yak is engulfed in blazing flames.
Flame seeps out of the yak.
The yak gores you but does no damage.
You hit the yak. You freeze the yak. Okawaru accepts your kill.
The yak explodes!
The fiery explosion engulfs the yak!!!
Okawaru accepts your kill.
The fiery explosion engulfs you but does no damage.
The fiery explosion engulfs the cane toad!!!
Flame seeps out of the cane toad.
The cane toad is almost dead.
The yak explodes!
The fiery explosion engulfs the cane toad!!!
Okawaru accepts your kill.
The cane toad explodes!
The bullfrog swells and bulges.
The bullfrog hits you but does no damage.
The cane toad is attracted toward you.
Your Invocations skill increases to level 9!
You puncture the cane toad! You freeze the cane toad.
You kill the cane toad!
Okawaru accepts your kill. Okawaru grants you throwing weapons!
Something appears at your feet! The komodo dragon bites you!!
You die...

#..........
#..........
#..........
#.#.#####.#
##.#<......#..
#§§#.......#.$
##§○..........
#°#.......P..
##♣#.......#..
#Fl#.......P..
##l#.ll.......
##...#..P###..
#P.........)..
#######.##.#..
## #


You could see a komodo dragon, a basilisk (inner flame, weak-willed) and a
bullfrog (inner flame, weak-willed).

Vanquished Creatures
  A black mamba (Lair:1)
  Joseph (D:9)
  2 cane toads (Lair:1)
  A komodo dragon (Lair:1)
  A troll (D:9)
  2 hellwings (D:9)
  A ynoxinul (D:9)
  3 slime creatures
  6 yaks
  A wyvern (D:7)
  An acid dragon (D:9)
  A water moccasin (D:6)
  A sky beast (D:7)
  An ice beast (D:7)
  An orc warrior (D:8)
  A centaur (D:8)
  A wolf (D:9)
  3 kobold brigands
  2 scorpions (D:6)
  10 bullfrogs
  2 necrophages
  3 wights (D:8)
  2 howler monkeys
  3 electric eels (D:9)
  A quasit (D:9)
  3 jellies
  A gnoll bouda (D:7)
  3 hounds (D:9)
  3 orc priests
  An iguana (D:5)
  3 orc wizards
  7 gnolls
  7 adders
  A shadow imp (D:6)
  An ufetubus (D:6)
  A worm (D:3)
  2 dart slugs
  21 orcs
  5 ball pythons
  6 bats
  11 endoplasms
  2 giant cockroaches
  6 goblins
  7 hobgoblins
  6 quokkas
  2 frilled lizards
  13 kobolds
  4 rats
  A bush (D:5)
169 creatures vanquished.

Vanquished Creatures (others)
  2 demonic plants (D:9)
  6 fungi
  7 plants (D:6)
  10 toadstools (D:8)
25 creatures vanquished.

Grand Total: 194 creatures vanquished

Notes
Turn   | Place    | Note
-------+----------+-------------------------------------------
     0 | D:1      | Drevant2 the Merfolk Gladiator began the quest for the Orb.
     0 | D:1      | Reached XP level 1. HP: 16/16 MP: 1/1
   105 | D:1      | Reached XP level 2. HP: 21/22 MP: 2/2
   221 | D:1      | Reached skill level 5 in Polearms
   599 | D:1      | Reached XP level 3. HP: 27/27 MP: 3/3
  1659 | D:3      | Reached skill level 6 in Polearms
  1674 | D:3      | Reached XP level 4. HP: 33/33 MP: 4/4
  2244 | D:4      | Reached skill level 7 in Polearms
  2386 | D:4      | Found a broken altar of Ashenzari.
  2392 | D:4      | Found the +7 Kryia's mail coat {PotionHeal*2 rC+}
  2479 | D:4      | Noticed a bullfrog
  2493 | D:4      | Killed a bullfrog
  2494 | D:4      | Reached XP level 5. HP: 38/38 MP: 5/5
  2732 | D:4      | Reached skill level 8 in Polearms
  2882 | D:5      | Entered Level 5 of the Dungeon
  3014 | D:5      | Found a hazy altar of Hepliaklqana.
  3014 | D:5      | Found a glowing silver altar of Zin.
  3014 | D:5      | Found a sacrificial altar of Ru.
  3377 | D:5      | Reached XP level 6. HP: 38/44 MP: 6/6
  3618 | D:5      | Reached skill level 9 in Polearms
  3718 | D:5      | Found Quiram's Weapon Emporium.
  4777 | D:6      | Reached skill level 10 in Polearms
  4777 | D:6      | Reached XP level 7. HP: 50/50 MP: 7/7
  5169 | D:6      | Found a stormy altar of Qazlal.
  5406 | D:6      | Found a staircase to the Ecumenical Temple.
  5423 | D:6      | Reached skill level 5 in Fighting
  5482 | D:6      | Identified the +10 trident of the Fool {pain, *Noise rC++
                  | MP+9}
  5487 | D:6      | Noticed bezhaha's ghost (novice OgWr)
  5517 | D:6      | Found a transporter.
  5522 | D:6      | Found a transporter.
  5890 | D:6      | Reached XP level 8. HP: 59/64 MP: 8/8
  6086 | D:7      | Reached skill level 5 in Dodging
  6295 | D:7      | Noticed a wyvern
  6310 | D:7      | Killed a wyvern
  6871 | D:7      | Identified the ring of the Gloaming {rElec Will+ EV+5}
  7012 | D:8      | Reached skill level 5 in Throwing
  7065 | D:8      | Found a transporter.
  7074 | D:8      | Found a transporter.
  7075 | D:8      | Found a bloodstained altar of Trog.
  7075 | D:8      | Noticed Ijustatesigmund's ghost (novice DEEE)
  7077 | D:8      | Noticed a two-headed ogre
  7078 | D:8      | Noticed a moth of wrath
  7138 | D:8      | Reached XP level 9. HP: 69/69 MP: 9/9
  7188 | Temple   | Entered the Ecumenical Temple
  7307 | Temple   | Became a worshipper of Warmaster Okawaru
  7542 | D:8      | Reached skill level 11 in Polearms
  7677 | D:8      | HP: 3/69 [slime creature (8)]
  8080 | D:7      | Reached skill level 12 in Polearms
  8099 | D:8      | Reached * piety under Okawaru
  8831 | D:9      | Noticed a rust devil
  8885 | D:8      | Reached skill level 13 in Polearms
  9157 | D:8      | Reached skill level 14 in Polearms
  9181 | D:8      | Reached ** piety under Okawaru
  9182 | D:8      | Reached XP level 10. HP: 30/76 MP: 10/10
  9877 | D:9      | Noticed Joseph
  9902 | D:9      | Killed Joseph
  9964 | D:9      | HP: 3/76 [hellwing (6)]
 10118 | D:9      | Noticed a sixfirhy
 10118 | D:9      | Noticed Psyche
 10407 | D:9      | Reached skill level 5 in Invocations
 10782 | D:9      | Found a staircase to the Lair.
 11144 | Lair:1   | Entered Level 1 of the Lair of Beasts
 11165 | Lair:1   | Noticed a black mamba
 11180 | Lair:1   | Noticed a cane toad
 11181 | Lair:1   | Noticed a cane toad
 11188 | Lair:1   | Killed a black mamba
 11205 | Lair:1   | Reached *** piety under Okawaru
 11214 | Lair:1   | Killed a cane toad
 11215 | Lair:1   | Killed a cane toad
 11215 | Lair:1   | Received a gift from Okawaru
 11215 | Lair:1   | Mangled by a komodo dragon

Illustrated notes

Levels and vault maps discovered:
D:1:      lemuel_arrival_broad_hall, layout_basic, serial_forest,
          infiniplex_forest_straight_5, infiniplex_forest_clump_medium,
          infiniplex_forest_lined_1, infiniplex_forest_end_3,
          infiniplex_forest_lined_2, infiniplex_forest_fountain,
          infiniplex_forest_straight_2, infiniplex_forest_diagonal,
          minivault_24, minmay_misc_feat_hallway
D:2:      layout_basic, small_statue_intersection, minmay_misc_feat_diagonals
D:3:      layout_rooms
D:4:      layout_gridville, amcnicky_altar_gilded
D:5:      layout_gridville, gammafunk_temple_overflow_forgotten, serial_shops,
          shop
D:6:      layout_basic, nicolae_qazlal_scattered_showers,
          minmay_temple_entry_gardened_gates, gammafunk_ghost_gnarly_gnolls,
          minivault_25, minmay_fountain_box, kennysheep_generic_room_10
D:7:      layout_basic
D:8:      cheibrodos_fertilizer, layout_rooms, gammafunk_ghost_wrathful_warriors
D:9:      layout_rooms, cheibriados_altar_1, erik_lair_island, serial_demonic,
          serial_demonic_a, serial_demonic_f, serial_demonic_a,
          serial_demonic_e, uniq_joseph, uniq_psyche, uniq_maggie
Temple:   nicolae_temple_superstar
Lair:1:   layout_regular_city, portal_ice_cave_entry_ice_simulacra,
          grunt_forest_small_clearing_treed

Skill      XL: |  1  2  3  4  5  6  7  8  9 10 |
---------------+-------------------------------+-----
Polearms       | 5 6 7 8 10 14 | 14.6
Fighting       | 6 |  6.2
Dodging        | 5 |  5.0
Throwing       | 6 |  6.5
Invocations    | 9 |  9.0

Action                     |  1- 3 |  4- 6 |  7- 9 | 10-12 || total
---------------------------+-------+-------+-------+-------++-------
  Melee: Trident           |    95 |   354 |   425 |       ||   874
         Punch             |       |     2 |     4 |     7 ||    13
         Spear             |       |       |    45 |   253 ||   298
         Tailslap          |       |       |       |     1 ||     1
  Throw: Throwing net      |       |     4 |     4 |       ||     8
 Invoke: Heroism           |       |       |       |     1 ||     1
    Use: Scroll            |       |     4 |       |    13 ||    17
         Potion            |       |     1 |     4 |     6 ||    11
   Stab: Sleeping          |     3 |       |       |       ||     3
         Held in net/web   |       |     1 |       |       ||     1
 Armour: Leather armour    |    16 |       |       |       ||    16
         Scale mail        |    12 |   128 |   133 |    39 ||   312
         Skin              |       |       |       |    51 ||    51
         Acid dragon scale |       |       |       |     6 ||     6
  Dodge: Dodged            |    26 |   114 |   270 |   132 ||   542

Table legend: (Time is in decaauts)
 A = Elapsed time spent in this place.
 B = Non-inter-level travel time spent in this place.
 C = Inter-level travel time spent in this place.
 D = Time resting spent in this place.
 E = Time spent auto-exploring this place.
 F = Levels seen in this place.
 G = Mean time per level.
                   A        B        C        D        E       F      G
               +--------+--------+--------+--------+--------+-----+--------+
         Total |  10894 |   9761 |   1133 |   2752 |   5166 |  11 |  990.4 |
       Dungeon |  10711 |   9619 |   1092 |   2752 |   5093 |   9 | 1190.1 |
        Temple |    129 |     92 |     37 |      0 |     73 |   1 |  129.0 |
          Lair |     54 |     50 |      4 |      0 |      0 |   1 |   54.0 |
               +--------+--------+--------+--------+--------+-----+--------+

Top non-repeatable levels by time:
     D:8: 1891 daAuts
     D:7: 1603 daAuts
     D:6: 1418 daAuts
     D:9: 1237 daAuts
     D:5: 1203 daAuts
     D:4: 1174 daAuts
     D:1: 1024 daAuts
     D:2: 615 daAuts
     D:3: 543 daAuts
  Temple: 129 daAuts
  Lair:1: 54 daAuts
